 Dungeon Crawl Stone Soup version 0.27.1-33-g824d729ab1 (webtiles) character file.

Game seed: 14442580118485684074

39 jlumianski the Skirmisher (level 3, -2/24 HPs)
             Began as a Gargoyle Monk on Dec 15, 2021.
             Slain by Ijyb (3 damage)
             ... on level 3 of the Dungeon.
             The game lasted 00:02:28 (830 turns).

jlumianski the Skirmisher (Gargoyle Monk)            Turns: 830, Time: 00:02:28

Health: -2/24      AC:  5    Str: 20    XL:     3   Next: 47%
Magic:  3/3        EV: 12    Int: 10    God:
Gold:   48         SH:  0    Dex: 13    Spells: 2/2 levels left

rFire    . . .     SeeInvis .   a - +0 hand axe
rCold    . . .     Faith    .   (no shield)
rNeg     + . .     Spirit   .   b - +0 robe
rPois    ∞         Reflect  .   (no helmet)
rElec    +         Harm     .   (no cloak)
rCorr    .         Rampage  .   (no gloves)
Will     .....                  (no boots)
Stlth    ++........             (no amulet)
HPRegen  0.08/turn              d - +6 ring of strength
MPRegen  0.08/turn              (no ring)

@: no status effects
A: sickness immunity, AC +3, negative energy resistance 1, electricity
resistance, torment resistance 1, petrification resistance
a: no special abilities


You were on level 3 of the Dungeon.
You visited 1 branch of the dungeon, and saw 3 of its levels.

You collected 48 gold pieces.

Inventory:

Hand Weapons
 a - a +0 hand axe (weapon)
 c - a +0 club
Missiles
 e - 20 sling bullets
Armour
 b - a +0 robe (worn)
Jewellery
 d - a +6 ring of strength (left hand)


   Skills:
 + Level 3.7 Fighting
 + Level 3.2 Axes
 + Level 2.8 Dodging
 + Level 2.3 Stealth


You had 2 spell levels left.
You didn't know any spells.
Your spell library contained the following spells:

 Spells                   Type           Power      Damage    Failure   Level
 Gell's Gravitas          Tloc           0%         N/A       75%         3
 Lesser Beckoning         Tloc           0%         N/A       75%         3
 Teleport Other           Tloc           0%         N/A       75%         3


Dungeon Overview and Level Annotations

Branches:
Dungeon (3/15)

Altars:

Annotations:
D:3 Ijyb


Innate Abilities, Weirdness & Mutations

You are immune to sickness and miasma.
Your stone body is resilient. (AC +3)
You are immune to poison.
You resist negative energy. (rN+)
You are resistant to electric shocks. (rElec)
You are resistant to unholy torment.
You are immune to petrification.


Message History

You slash Ijyb!
Ijyb is severely wounded.
Ijyb closely misses you.
You barely miss Ijyb.
Ijyb is severely wounded.
Ijyb completely misses you.
You closely miss Ijyb.
Ijyb is severely wounded.
Ijyb hits you with a +0 club. Ijyb closely misses you.
You closely miss Ijyb.
Ijyb is severely wounded.
Ijyb hits you with a +0 club.
You hit Ijyb but do no damage.
Ijyb is severely wounded.
Ijyb barely misses you.
You hit Ijyb but do no damage.
Ijyb is severely wounded.
Ijyb completely misses you.
You hit Ijyb.
Ijyb is severely wounded.
Ijyb hits you with a +0 club.
You hit Ijyb but do no damage.
Ijyb is severely wounded.
Ijyb barely misses you.
You closely miss Ijyb.
Ijyb is severely wounded.
Ijyb misses you.
You closely miss Ijyb.
Ijyb is severely wounded.
Ijyb hits you with a +0 club. x2
* * * LOW HITPOINT WARNING * * *
You closely miss Ijyb.
Ijyb is severely wounded.
Ijyb hits you with a +0 club.
* * * LOW HITPOINT WARNING * * *
You aren't carrying any potions.
You closely miss Ijyb.
Ijyb is severely wounded.
Ijyb hits you with a +0 club.
You die...

############
#..........#
#.########.#
#.# #.# #.#
#@# #.# #g#
#######.#
#.#
........#
#.#
#########
#.. ###


You could see Ijyb.

Vanquished Creatures
  2 adders
  An orc (D:3)
  An endoplasm (D:1)
  2 giant cockroaches
  3 goblins (D:1)
  A hobgoblin (D:1)
  4 jackals (D:1)
  3 ball pythons (D:1)
  2 bats
  A rat (D:1)
20 creatures vanquished.

Notes
Turn   | Place    | Note
-------+----------+-------------------------------------------
     0 | D:1      | jlumianski the Gargoyle Monk began the quest for the Orb.
     0 | D:1      | Reached XP level 1. HP: 14/14 MP: 1/1
     0 | D:1      | Noticed a green draconian
     1 | D:1      | Noticed a large abomination
     3 | D:1      | Noticed a tentacled monstrosity
     3 | D:1      | Noticed a large abomination
     5 | D:1      | Noticed a shadow dragon
     6 | D:1      | Noticed a shadow dragon
     7 | D:1      | Noticed an ice dragon
     8 | D:1      | Noticed a large abomination
    10 | D:1      | Noticed a tentacled monstrosity
    12 | D:1      | Noticed a large abomination
    12 | D:1      | Noticed a purple draconian
    15 | D:1      | Noticed a shadow dragon
    17 | D:1      | Noticed an orb of fire
    17 | D:1      | Noticed a tentacled monstrosity
   116 | D:1      | Reached XP level 2. HP: 14/19 MP: 2/2
   615 | D:2      | Reached XP level 3. HP: 19/24 MP: 3/3
   797 | D:3      | Noticed Ijyb
   829 | D:3      | HP: 1/24 [Ijyb (3)]
   830 | D:3      | Slain by Ijyb

Illustrated notes

Levels and vault maps discovered:
D:1:      shiori_arrival_whats_in_store_for_you, layout_basic
D:2:      layout_basic, dreamdust_ecumenical_altar_angels_and_demons,
          grunt_ministairs_15, uniq_crazy_yiuf_cottage, uniq_sigmund
D:3:      layout_loops_ring, uniq_ijyb

Skill      XL: |  1  2 |
---------------+-------+-----
Axes           | 3 |  3.2
Fighting       | |  3.7
Dodging        | |  2.8
Stealth        | |  2.3

Action                   || total
-------------------------++-------
Melee: Hand axe          ||    99
 Stab: Sleeping          ||     2
Armor: Robe              ||    22
Dodge: Dodged            ||    71
